TOP OF THE 1ST |
Batavia Muckdogs batting - Pitching for Eugene Emeralds : RHP Luis Solis
|
Pitching: RHP Luis Solis
|
|
Batting: SHB Justin Corbett
|
0-0: Called Strike 0-1: Foul Ball, location: 2F 0-2: Ground out 6-3 (Groundball, 6M, EV 100.0 MPH)
|
Batting: LHB Danny Treto
|
0-0: Called Strike 0-1: Ball 1-1: Ball 2-1: Fly out, F8 (Flyball, 89M, EV 83.1 MPH)
|
Batting: RHB Justin Dunham
|
0-0: Called Strike 0-1: Ball 1-1: Ball 2-1: Foul Ball, location: 2F 2-2: Ball 3-2: Base on Balls
|
Batting: RHB George Boivin
|
0-0: Called Strike 0-1: Ball 1-1: Ball 2-1: Ball 3-1: Foul Ball, location: 2F 3-2: Foul Ball, location: 2F 3-2: Base on Balls Justin Dunham to second
|
Batting: RHB Jim Fisher
|
0-0: Swinging Strike 0-1: Ball 1-1: Swinging Strike 1-2: Foul Ball, location: 2F 1-2: Ball 2-2: Foul Ball, location: 2F 2-2: Hit by Pitch Justin Dunham to third George Boivin to second
|
Batting: RHB Andy Kelly
|
0-0: Called Strike 0-1: GRAND SLAM HOME RUN (Flyball, 89XD, EV 98.1 MPH), Distance : 407 ft
|
Batting: RHB Jason Thrash
|
0-0: Ball 1-0: Ball 2-0: Ball 3-0: Base on Balls
|
Batting: RHB Hiromitsu Yamada
|
0-0: Ball 1-0: Ball 2-0: TRIPLE (Flyball, 9LD, EV 95.6 MPH) Jason Thrash scores
|
Batting: RHB Jeremy Dennis
|
0-0: Ball 1-0: Ball 2-0: Called Strike 2-1: Ground out 6-3 (Groundball, 6, EV 80.0 MPH)
|
Top of the 1st over - 5 runs, 2 hits, 0 errors, 1 left on base; Batavia 5 - Eugene 0 |
BOTTOM OF THE 1ST |
Eugene Emeralds batting - Pitching for Batavia Muckdogs : RHP Rodolfo Mendez
|
Pitching: RHP Rodolfo Mendez
|
|
Batting: RHB Adrian Cox
|
0-0: Ball 1-0: Ball 2-0: Ball 3-0: Base on Balls
|
Batting: RHB Ricky Ramirez
|
0-0: Ball 1-0: Called Strike 1-1: Ball 2-1: Ball Wild Pitch! Adrian Cox to second 3-1: DOUBLE (Flyball, 89XD, EV 99.4 MPH) Adrian Cox scores
|
Batting: LHB Emir Jalil
|
0-0: Ball 1-0: Ball Wild Pitch! Ricky Ramirez to third 2-0: Ball 3-0: Base on Balls
|
Batting: RHB Bill Holmes
|
Pickoff Throw to First - Out! 1-3 0-0: Swinging Strike 0-1: Ball 1-1: Ball 2-1: Foul Ball, location: 2F 2-2: Strikes out swinging
|
Batting: RHB Jorge Lagunas
|
0-0: Ball 1-0: Fly out, F5 (Line Drive, 5L, EV 75.0 MPH)
|
Bottom of the 1st over - 1 run, 1 hit, 0 errors, 1 left on base; Batavia 5 - Eugene 1 |
TOP OF THE 2ND |
Batavia Muckdogs batting - Pitching for Eugene Emeralds : RHP Luis Solis
|
Batting: SHB Justin Corbett
|
0-0: Ball 1-0: Ball 2-0: Called Strike 2-1: Ball 3-1: Fly out, F8 (Flyball, 8LXD, EV 107.5 MPH)
|
Batting: LHB Danny Treto
|
0-0: Ball 1-0: Called Strike 1-1: Called Strike 1-2: Ground out 4-3 (Groundball, 34D, EV 86.9 MPH)
|
Batting: RHB Justin Dunham
|
0-0: Ball 1-0: Called Strike 1-1: Ball 2-1: Ball 3-1: Base on Balls
|
Pitching: RHP Victor de Leon
|
|
Batting: RHB George Boivin
|
0-0: Called Strike 0-1: Called Strike 0-2: Foul Ball, location: 2F 0-2: Ball 1-2: Fly out, F7 (Line Drive, 7S, EV 94.4 MPH)
|
Top of the 2nd over - 0 runs, 0 hits, 0 errors, 1 left on base; Batavia 5 - Eugene 1 |
BOTTOM OF THE 2ND |
Eugene Emeralds batting - Pitching for Batavia Muckdogs : RHP Rodolfo Mendez
|
Batting: RHB Dave de Wolff
|
0-0: Called Strike 0-1: Ball 1-1: Ball 2-1: Foul Ball, location: 2F 2-2: Fly out, F3 (Line Drive, 3L, EV 63.8 MPH)
|
Batting: RHB Gilberto Alvarado
|
0-0: SINGLE (Line Drive, 89S, EV 86.9 MPH)
|
Batting: RHB Dan Orozco
|
0-0: Foul Ball, location: 2F 0-1: Foul Ball, location: 2F 0-2: Strikes out swinging
|
Batting: RHB David Bousfield
|
0-0: Ball Gilberto Alvarado is caught stealing 2nd base 2-4
|
Bottom of the 2nd over - 0 runs, 1 hit, 0 errors, 0 left on base; Batavia 5 - Eugene 1 |
TOP OF THE 3RD |
Batavia Muckdogs batting - Pitching for Eugene Emeralds : RHP Victor de Leon
|
Batting: RHB Jim Fisher
|
0-0: Ball 1-0: Called Strike 1-1: Called Strike 1-2: Ground out 6-3 (Groundball, 6M, EV 103.1 MPH)
|
Batting: RHB Andy Kelly
|
0-0: Ball 1-0: SINGLE (Groundball, 6D, EV 105.0 MPH)
|
Batting: RHB Jason Thrash
|
0-0: Called Strike Andy Kelly steals 2nd base 0-1: Foul Ball, location: 2F 0-2: Foul Ball, location: 2F 0-2: Ball Wild Pitch! Andy Kelly to third 1-2: 2-RUN HOME RUN (Flyball, 7LD, EV 93.8 MPH), Distance : 345 ft
|
Batting: RHB Hiromitsu Yamada
|
0-0: Ball 1-0: Hit by Pitch, AND HE CHARGES THE MOUND! The benches clear!
|
Pitching: RHP Francisco Landin
|
|
Pinch Runner at 1st Calvin Morin:
|
|
Batting: RHB Jeremy Dennis
|
0-0: Ball 1-0: Ball Calvin Morin is caught stealing 2nd base 2-4 2-0: Ground out 6-3 (Groundball, 6M, EV 86.2 MPH)
|
Top of the 3rd over - 2 runs, 2 hits, 0 errors, 0 left on base; Batavia 7 - Eugene 1 |
BOTTOM OF THE 3RD |
Eugene Emeralds batting - Pitching for Batavia Muckdogs : RHP Rodolfo Mendez
|
Now in CF: Calvin Morin
|
|
Batting: RHB David Bousfield
|
0-0: Called Strike 0-1: Ball 1-1: Foul Ball, location: 2F 1-2: Strikes out swinging
|
Batting: RHB Adrian Cox
|
0-0: Ball 1-0: Ball 2-0: SINGLE (Line Drive, 9S, EV 91.2 MPH)
|
Batting: RHB Ricky Ramirez
|
0-0: Grounds into double play, 4-6-3 (Groundball, 4M, EV 85.6 MPH)
|
Bottom of the 3rd over - 0 runs, 1 hit, 0 errors, 0 left on base; Batavia 7 - Eugene 1 |
TOP OF THE 4TH |
Batavia Muckdogs batting - Pitching for Eugene Emeralds : RHP Francisco Landin
|
Batting: SHB Justin Corbett
|
0-0: Ball 1-0: Ball 2-0: Foul Ball, location: 2F 2-1: DOUBLE (Flyball, 8RXD, EV 101.9 MPH)
|
Batting: LHB Danny Treto
|
0-0: Ball 1-0: Foul Ball, location: 2F 1-1: Swinging Strike 1-2: Ball 2-2: Ground out 6-3 (Groundball, 6, EV 98.1 MPH)
|
Batting: RHB Justin Dunham
|
0-0: Swinging Strike 0-1: Called Strike 0-2: Ball 1-2: Foul Ball, location: 2F 1-2: 2-RUN HOME RUN (Flyball, 7D, EV 92.5 MPH), Distance : 348 ft
|
Batting: RHB George Boivin
|
0-0: Ball 1-0: Foul Ball, location: 2F 1-1: Ground out 6-3 (Groundball, 6, EV 91.2 MPH)
|
Batting: RHB Jim Fisher
|
0-0: Ball 1-0: Ball 2-0: Swinging Strike 2-1: Ground out 4-3 (Groundball, 4, EV 98.8 MPH)
|
Top of the 4th over - 2 runs, 2 hits, 0 errors, 0 left on base; Batavia 9 - Eugene 1 |
BOTTOM OF THE 4TH |
Eugene Emeralds batting - Pitching for Batavia Muckdogs : RHP Rodolfo Mendez
|
Batting: LHB Emir Jalil
|
0-0: Ball 1-0: Swinging Strike 1-1: Foul Ball, location: 2F 1-2: Ball 2-2: Ground out 4-3 (Groundball, 4, EV 85.6 MPH)
|
Batting: RHB Bill Holmes
|
0-0: Swinging Strike 0-1: Ball 1-1: Foul Ball, location: 2F 1-2: Ball 2-2: Ball 3-2: Fly out, F9 (Flyball, 9LS, EV 88.8 MPH)
|
Batting: RHB Jorge Lagunas
|
0-0: Ball 1-0: Ball 2-0: Called Strike 2-1: Ball 3-1: Foul Ball, location: 2F 3-2: Base on Balls
|
Batting: RHB Dave de Wolff
|
0-0: Called Strike 0-1: Ball 1-1: Fly out, F8 (Flyball, 8RXD, EV 86.2 MPH)
|
Bottom of the 4th over - 0 runs, 0 hits, 0 errors, 1 left on base; Batavia 9 - Eugene 1 |
TOP OF THE 5TH |
Batavia Muckdogs batting - Pitching for Eugene Emeralds : RHP Francisco Landin
|
Pitching: RHP Brian Jarrett
|
|
Batting: RHB Andy Kelly
|
0-0: Fly out, F8 (Flyball, 78XD, EV 99.4 MPH)
|
Batting: RHB Jason Thrash
|
0-0: Called Strike 0-1: Called Strike 0-2: Ball 1-2: Hit by Pitch
|
Pinch Runner at 1st Junro Kato:
|
|
Batting: RHB Calvin Morin
|
0-0: Called Strike 0-1: Called Strike 0-2: SINGLE (Groundball, 6S, EV 71.2 MPH) (infield hit) Junro Kato to second
|
Batting: RHB Jeremy Dennis
|
0-0: Ball 1-0: Foul Ball, location: 2F 1-1: Foul Ball, location: 2F 1-2: Foul Ball, location: 2F 1-2: Foul Ball, location: 2F 1-2: Ball 2-2: Ball 3-2: Fielders Choice at 2nd, 2-4 (Groundball, 2L, EV 69.4 MPH) Junro Kato to third
|
Batting: SHB Justin Corbett
|
0-0: Called Strike 0-1: 3-RUN HOME RUN (Flyball, 9LD, EV 95.0 MPH), Distance : 351 ft
|
Batting: LHB Danny Treto
|
0-0: Ball 1-0: Ball 2-0: Ground out 6-3 (Groundball, 4M, EV 102.5 MPH)
|
Top of the 5th over - 3 runs, 2 hits, 0 errors, 0 left on base; Batavia 12 - Eugene 1 |
BOTTOM OF THE 5TH |
Eugene Emeralds batting - Pitching for Batavia Muckdogs : RHP Rodolfo Mendez
|
Now at 1B: Junro Kato
|
|
Batting: RHB Gilberto Alvarado
|
0-0: Called Strike 0-1: Ball 1-1: Foul Ball, location: 2F 1-2: SINGLE (Line Drive, 78S, EV 88.1 MPH)
|
Batting: RHB Dan Orozco
|
0-0: Called Strike 0-1: Ball 1-1: SINGLE (Groundball, 3S, EV 66.2 MPH) (infield hit) Gilberto Alvarado to second
|
Batting: RHB David Bousfield
|
0-0: Foul Ball, location: 2F 0-1: Foul Ball, location: 2F 0-2: Ball 1-2: Ball 2-2: Strikes out swinging
|
Batting: RHB Adrian Cox
|
0-0: Called Strike 0-1: Foul Ball, location: 2F 0-2: Fielders Choice at 2nd, 4-6 (Groundball, 4, EV 111.9 MPH) Gilberto Alvarado to third
|
Batting: RHB Ricky Ramirez
|
0-0: Foul Ball, location: 2F 0-1: Ground out 6-3 (Groundball, 6S, EV 68.1 MPH)
|
Bottom of the 5th over - 0 runs, 2 hits, 0 errors, 2 left on base; Batavia 12 - Eugene 1 |
TOP OF THE 6TH |
Batavia Muckdogs batting - Pitching for Eugene Emeralds : RHP Brian Jarrett
|
Batting: RHB Justin Dunham
|
0-0: Called Strike 0-1: Ball 1-1: Ball 2-1: Ball 3-1: Base on Balls
|
Batting: RHB George Boivin
|
0-0: Foul Ball, location: 2F 0-1: Swinging Strike 0-2: Hit by Pitch Justin Dunham to second
|
Batting: RHB Jim Fisher
|
0-0: Ball 1-0: Called Strike 1-1: Fielders Choice at 2nd, 1-4 (Groundball, P, EV 73.1 MPH) Justin Dunham to third
|
Batting: RHB Andy Kelly
|
0-0: Ball 1-0: Ball Wild Pitch! Justin Dunham scores Jim Fisher to second 2-0: Ground out 5-3 (Groundball, 56S, EV 90.0 MPH)
|
Pitching: LHP Jose Gutierres
|
|
Batting: RHB Junro Kato
|
0-0: Ball 1-0: Foul Ball, location: 2F 1-1: Swinging Strike 1-2: Foul Ball, location: 2F 1-2: Ball 2-2: Strikes out looking
|
Top of the 6th over - 1 run, 0 hits, 0 errors, 1 left on base; Batavia 13 - Eugene 1 |
BOTTOM OF THE 6TH |
Eugene Emeralds batting - Pitching for Batavia Muckdogs : RHP Rodolfo Mendez
|
Batting: LHB Emir Jalil
|
0-0: Foul Ball, location: 2F 0-1: Ball 1-1: Fly out, F6 (Flyball, 56D, EV 86.2 MPH)
|
Batting: RHB Bill Holmes
|
0-0: DOUBLE (Flyball, 7LD, EV 90.6 MPH)
|
Batting: RHB Jorge Lagunas
|
0-0: Fly out, F8 (Flyball, 8RD, EV 107.5 MPH)
|
Batting: RHB Dave de Wolff
|
0-0: Called Strike 0-1: Foul Ball, location: 2F 0-2: Ball 1-2: Strikes out looking
|
Bottom of the 6th over - 0 runs, 1 hit, 0 errors, 1 left on base; Batavia 13 - Eugene 1 |
TOP OF THE 7TH |
Batavia Muckdogs batting - Pitching for Eugene Emeralds : LHP Jose Gutierres
|
Batting: RHB Calvin Morin
|
0-0: Ball 1-0: Called Strike 1-1: Called Strike 1-2: Strikes out looking
|
Batting: RHB Jeremy Dennis
|
0-0: Foul Ball, location: 2LF, Error on foul ball, E2 0-1: Called Strike 0-2: Ball 1-2: Foul Ball, location: 2F 1-2: Strikes out swinging
|
Batting: SHB Justin Corbett
|
0-0: Ball 1-0: Ball 2-0: Called Strike 2-1: Ball 3-1: Foul Ball, location: 2F 3-2: Foul Ball, location: 2F 3-2: Foul Ball, location: 2F 3-2: Base on Balls
|
Batting: LHB Danny Treto
|
0-0: Ball 1-0: Foul Ball, location: 2F 1-1: Swinging Strike 1-2: Strikes out swinging
|
Top of the 7th over - 0 runs, 0 hits, 1 error, 1 left on base; Batavia 13 - Eugene 1 |
BOTTOM OF THE 7TH |
Eugene Emeralds batting - Pitching for Batavia Muckdogs : RHP Rodolfo Mendez
|
Batting: RHB Gilberto Alvarado
|
0-0: Ball 1-0: Ball 2-0: Called Strike 2-1: Ball 3-1: Swinging Strike 3-2: Fly out, F9 (Flyball, 89D, EV 98.8 MPH)
|
Batting: RHB Dan Orozco
|
0-0: Ball 1-0: Foul Ball, location: 2F 1-1: Called Strike 1-2: Foul Ball, location: 2F 1-2: Strikes out swinging
|
Batting: RHB David Bousfield
|
0-0: Called Strike 0-1: Foul Ball, location: 2F 0-2: Ball 1-2: Strikes out swinging
|
Bottom of the 7th over - 0 runs, 0 hits, 0 errors, 0 left on base; Batavia 13 - Eugene 1 |
TOP OF THE 8TH |
Batavia Muckdogs batting - Pitching for Eugene Emeralds : LHP Jose Gutierres
|
Batting: RHB Justin Dunham
|
0-0: Ball 1-0: Called Strike 1-1: Foul Ball, location: 2F 1-2: Ball 2-2: Fly out, F7 (Flyball, 7, EV 90.0 MPH)
|
Batting: RHB George Boivin
|
0-0: Swinging Strike 0-1: Ball 1-1: Swinging Strike 1-2: Strikes out swinging
|
Batting: RHB Jim Fisher
|
0-0: Ball 1-0: SOLO HOME RUN (Flyball, 89XD, EV 104.4 MPH), Distance : 402 ft
|
Batting: RHB Andy Kelly
|
0-0: Ball 1-0: Ball 2-0: Called Strike 2-1: Foul Ball, location: 2F 2-2: DOUBLE (Groundball, 5L, EV 106.9 MPH)
|
Pitching: RHP Alberto Cabrera
|
|
Batting: RHB Junro Kato
|
0-0: Fly out, F8 (Flyball, 78D, EV 93.8 MPH)
|
Top of the 8th over - 1 run, 2 hits, 0 errors, 1 left on base; Batavia 14 - Eugene 1 |
BOTTOM OF THE 8TH |
Eugene Emeralds batting - Pitching for Batavia Muckdogs : RHP Rodolfo Mendez
|
Batting: RHB Adrian Cox
|
0-0: Foul Ball, location: 2F 0-1: Foul Ball, location: 2F 0-2: Ball 1-2: Foul Ball, location: 2F 1-2: Strikes out looking
|
Pitching: RHP Alfonso Mier
|
|
Batting: RHB Ricky Ramirez
|
0-0: Ball 1-0: Ball 2-0: Ball 3-0: Called Strike 3-1: Base on Balls
|
Batting: LHB Emir Jalil
|
0-0: Swinging Strike 0-1: Ball 1-1: Ball Wild Pitch! Ricky Ramirez to second 2-1: Ball 3-1: Foul Ball, location: 2F 3-2: Strikes out swinging
|
Batting: RHB Bill Holmes
|
0-0: Ball 1-0: Foul Ball, location: 2F 1-1: Foul Ball, location: 2F 1-2: Ball 2-2: Ball 3-2: Fly out, F9 (Flyball, 89XD, EV 101.9 MPH)
|
Bottom of the 8th over - 0 runs, 0 hits, 0 errors, 1 left on base; Batavia 14 - Eugene 1 |
TOP OF THE 9TH |
Batavia Muckdogs batting - Pitching for Eugene Emeralds : RHP Alberto Cabrera
|
Batting: RHB Calvin Morin
|
0-0: Called Strike 0-1: Ball 1-1: Swinging Strike 1-2: Strikes out swinging, 2-3 out at first.
|
Batting: RHB Jeremy Dennis
|
0-0: Called Strike 0-1: Ball 1-1: Foul Ball, location: 2F 1-2: SINGLE (Groundball, 15S, EV 64.4 MPH) (infield hit)
|
Batting: SHB Justin Corbett
|
0-0: Ball 1-0: Ball 2-0: Called Strike 2-1: Foul Ball, location: 2F 2-2: Ball 3-2: Base on Balls Jeremy Dennis to second
|
Batting: LHB Danny Treto
|
0-0: Ball 1-0: Ball 2-0: DOUBLE (Line Drive, 7LM, EV 108.1 MPH) Jeremy Dennis scores Justin Corbett to third
|
Batting: RHB Justin Dunham
|
0-0: Ground out 6-3 (Groundball, 56, EV 95.0 MPH) Justin Corbett scores
|
Batting: RHB George Boivin
|
0-0: Swinging Strike 0-1: Foul Ball, location: 2F 0-2: Ground out 6-3 (Groundball, 6, EV 100.6 MPH)
|
Top of the 9th over - 2 runs, 2 hits, 0 errors, 1 left on base; Batavia 16 - Eugene 1 |
BOTTOM OF THE 9TH |
Eugene Emeralds batting - Pitching for Batavia Muckdogs : RHP Alfonso Mier
|
Batting: RHB Jorge Lagunas
|
0-0: Called Strike 0-1: Ball 1-1: Foul Ball, location: 2F 1-2: Strikes out swinging
|
Batting: RHB Dave de Wolff
|
0-0: Called Strike 0-1: Reached via error on a dropped throw from P, E3 (Groundball, 15, EV 71.9 MPH)
|
Batting: RHB Gilberto Alvarado
|
0-0: Ball 1-0: Swinging Strike 1-1: Fielders Choice at 2nd, 1-6 (Groundball, 13S, EV 70.0 MPH)
|
Batting: RHB Dan Orozco
|
0-0: Called Strike 0-1: Ball 1-1: Ground out U3 (Groundball, 34, EV 108.1 MPH)
|
Bottom of the 9th over - 0 runs, 0 hits, 1 error, 1 left on base; Batavia 16 - Eugene 1 |
|